 Dungeon Crawl Stone Soup version 0.21.1-1-g345015fe64 (webtiles) character file.

10012 Ivernyr the Protected (level 11, 0/80 HPs)
             Began as a Demonspawn Skald on Apr 29, 2018.
             Was a Believer of Nemelex Xobeh.
             Slain by an ice devil (3 damage)
             ... on level 1 of the Lair of Beasts on Apr 30, 2018.
             The game lasted 00:42:56 (11639 turns).

Ivernyr the Protected (Demonspawn Skald)           Turns: 11639, Time: 00:42:56

Health: 0/80       AC: 13    Str: 12    XL:     11   Next: 30%
Magic:  14/16      EV: 12    Int: 14    God:    Nemelex Xobeh [**....]
Gold:   575        SH:  0    Dex: 19    Spells: 4/14 levels left

rFire    + + +     SeeInvis .   E - +6 short sword of the Inferno {freeze, rF+ MR+}
rCold    . . .     Gourm    .   (no shield)
rNeg     . . .     Faith    .   b - +2 leather armour {rF+}
rPois    +         Spirit   .   (no helmet)
rElec    .         Reflect  .   w - +1 cloak {rPois}
rCorr    .         Harm     .   y - +0 pair of gloves
MR       +....                  g - +0 pair of boots
Stlth    ++........             v - amulet of rage
HPRegen  0.23/turn              q - +3 ring of dexterity
MPRegen  0.15/turn              R - ring of stealth

@: no status effects
A: yellow scales 1, fire resistance 1, spiny 2
a: Renounce Religion, Evoke Berserk Rage


You were on level 1 of the Lair of Beasts.
You worshipped Nemelex Xobeh.
Nemelex Xobeh was pleased with you.
You were very hungry.

You visited 3 branches of the dungeon, and saw 12 of its levels.

You collected 575 gold pieces.

Inventory:

Hand Weapons
 a - a +0 falchion
 E - the +6 short sword of the Inferno (weapon) {freeze, rF+ MR+}
   (You found it on level 5 of the Dungeon)

   It has been specially enchanted to freeze those struck by it, causing extra
   injury to most foes and up to half again as much damage against particularly
   susceptible opponents.
   It can also slow down cold-blooded creatures.
   It protects you from fire.
   It affects your resistance to hostile enchantments.
Armour
 b - a +2 leather armour of fire resistance (worn)
 g - a +0 pair of boots (worn)
 w - a +1 cloak of poison resistance (worn)
 y - a +0 pair of gloves (worn)
Jewellery
 q - a +3 ring of dexterity (left hand)
 v - an amulet of rage (around neck)
 R - a ring of stealth (right hand)
Wands
 u - a wand of flame (23)
 z - a wand of polymorph (1)
 C - a wand of random effects (25)
 M - a wand of disintegration (26)
 Q - a wand of enslavement (20)
 W - a wand of digging (11)
Scrolls
 h - a scroll of identify
 k - a scroll of amnesia
 l - a scroll of acquirement {unknown}
 m - 2 scrolls of enchant weapon {unknown}
 n - 6 scrolls of teleportation
 o - 3 scrolls of enchant armour {unknown}
 r - 3 scrolls of remove curse
 s - 3 scrolls of magic mapping {unknown}
 x - a scroll of random uselessness {unknown}
 A - 2 scrolls of blinking
 F - 4 scrolls of immolation
 L - a scroll of holy word {unknown}
 N - a scroll of torment {unknown}
 P - a scroll of fog {unknown}
 T - a scroll of noise {unknown}
 U - a scroll of brand weapon {unknown}
Potions
 e - 2 potions of haste
 f - 2 potions of lignification {unknown}
 i - a potion of cancellation {unknown}
 j - 3 potions of flight
 p - 2 potions of mutation {unknown}
 B - 4 potions of heal wounds
 G - a potion of resistance
 H - 5 potions of curing
 J - a potion of brilliance {unknown}
 K - 3 potions of invisibility
 O - a potion of might {unknown}
 V - a potion of magic {unknown}
Books
 c - a book of Battle

   Spells                             Type                      Level
   a - Infusion                       Charms                       1
   b - Shroud of Golubria             Charms/Translocation         2
   c - Song of Slaying                Charms                       2
   d - Spectral Weapon                Hexes/Charms                 3
   e - Regeneration                   Charms/Necromancy            3
 I - a book of Burglary

   Spells                             Type                      Level
   a - Swiftness                      Charms/Air                   2
   b - Passwall                       Transmutation/Earth          2
   c - Passage of Golubria            Translocation                4
   d - Lee's Rapid Deconstruction     Earth                        5
   e - Darkness                       Hexes                        6
   f - Invisibility                   Hexes                        6
Miscellaneous
 S - a plain deck of destruction {drawn: 1}
Comestibles
 d - 17 rations


   Skills:
 - Level 5.4 Fighting
 + Level 7.6 Long Blades
 * Level 10.4 Armour
 - Level 1.7 Dodging
 - Level 2.0 Spellcasting
 + Level 7.9 Charms
 + Level 7.9 Invocations


You had 4 spell levels left.
You knew the following spells:

 Your Spells              Type           Power        Failure   Level  Hunger
a - Shroud of Golubria    Chrm/Tloc      ##........   9%          2    ###....
b - Song of Slaying       Chrm           ###.....     1%          2    ###....
c - Infusion              Chrm           ###.         1%          1    ##.....
d - Regeneration          Chrm/Necr      ##........   17%         3    ####...
e - Swiftness             Chrm/Air       ##......     9%          2    ###....


Dungeon Overview and Level Annotations

Branches:
Dungeon (10/15)            Temple (1/1) D:6            Lair (1/6) D:9
    Orc: D:9-12

Altars:
Ashenzari
Cheibriados
Dithmenos
Elyvilon
Gozag
Hepliaklqana
Kikubaaqudgha
Makhleb
Nemelex Xobeh
Okawaru
Qazlal
Ru
Sif Muna
Trog
Uskayaw
Vehumet
Wu Jian
Xom
Yredelemnul
Zin
The Shining One

Shops:
D:7 **


Innate Abilities, Weirdness & Mutations

You are partially covered in yellow scales. (AC +2)
Your flesh is heat resistant. (rF+)
You are mostly covered in sharp spines.


Message History

Your shroud falls apart!
The crocodile bites you!
* * * LOW HITPOINT WARNING * * *
Unknown command.
Casting: Shroud of Golubria
Confirm with . or Enter, or press ? or * to list all spells.
Space distorts slightly along a thin shroud covering your body.
The crocodile misses you. The ice devil is struck by your spines.
Your shroud bends the ice devil's attack away.
You barely miss the ice devil.
The ice devil is heavily wounded.
The ice devil hits you!
* * * LOW HITPOINT WARNING * * *
The ice devil freezes you!
* * * LOW HITPOINT WARNING * * *
Unknown command.
The ice devil is struck by your spines. The ice devil hits you.
You die...
Your body glows slightly and disappears.

.......##...##.......#.#.#######
........#.......#...#.#..# #.#
................#........# ##.
................##..##...# #.
..........(..........#.### ##.
....................##.## #P.
..........(.....##..##..# ###.
......>.......t4##..##..## ##.##
......P.#....#.4@....#.#.####....
.......##....#...................
........#........................
.......##..................#.....
...........(.#..............#....
.............#......#..##...#....
.......##....#......##.##..##....
......t##....#[...####.##..##....
.......##....#...## #.##...#....


You could see 2 ice devils and a crocodile.

Vanquished Creatures
  A hydra (Lair:1)
  Pikel (D:6)
  A centaur zombie (D:10)
  A black mamba (Lair:1)
  2 spiny frogs (Lair:1)
  3 centaur skeletons
  A komodo dragon (Lair:1)
  A troll (D:10)
  Grinder (D:4)
  Prince Ribbit (D:5)
  A hippogriff (D:7)
  A spriggan (D:9)
  2 wyverns
  4 yaks (D:7)
  Grum (D:8)
  Menkaure (D:4)
  The ghost of DarkMoon the Sneak, an amateur KoEn (D:3)
  A water moccasin (Lair:1)
  2 porcupines (Lair:1)
  4 orc warriors
  3 sky beasts
  2 phantoms
  6 ogres
  2 wolves (D:8)
  A centaur (D:9)
  9 bullfrogs
  Blork the orc (D:6)
  A wyvern zombie (D:7)
  3 scorpions
  3 wights
  A howler monkey (D:10)
  2 crimson imps (D:10)
  6 hounds
  10 orc wizards
  4 orc priests
  Crazy Yiuf (D:3)
  2 bullfrog skeletons
  Jessica (D:2)
  Terence (D:1)
  2 iguanas
  5 worker ants
  2 ogre zombies (D:5)
  2 worker ant zombies
  4 gnolls (D:5)
  11 adders
  An orc zombie (D:5)
  A shadow imp (D:7)
  An ooze (D:5)
  An adder zombie (D:6)
  A worm (D:10)
  2 dart slugs (D:1)
  4 leopard geckos
  34 orcs
  3 giant cockroaches (D:1)
  2 hobgoblins (D:3)
  18 jackals
  6 kobolds
  3 quokkas
  3 ball pythons
  8 bats
  6 frilled lizards
  7 goblins
  6 rats
223 creatures vanquished.

Vanquished Creatures (collateral kills)
  Psyche (D:8)
  A bullfrog (D:8)
2 creatures vanquished.

Vanquished Creatures (others)
  A troll (D:10)
  A centaur (D:6)
  A bullfrog (D:6)
  An adder (D:6)
4 creatures vanquished.

Grand Total: 229 creatures vanquished

Notes
Turn   | Place    | Note
-------+----------+-------------------------------------------
     0 | D:1      | Ivernyr the Demonspawn Skald began the quest for the Orb.
     0 | D:1      | Reached XP level 1. HP: 16/16 MP: 3/3
    13 | D:1      | Reached skill level 1 in Armour
   230 | D:1      | Gained mutation: You are partially covered in sharp spines. [demonic ancestry]
   230 | D:1      | Reached XP level 2. HP: 16/22 MP: 5/5
   488 | D:1      | Learned a level 2 spell: Song of Slaying
   491 | D:1      | Learned a level 2 spell: Shroud of Golubria
   867 | D:1      | Reached XP level 3. HP: 28/28 MP: 6/6
  1172 | D:2      | Noticed Terence
  1244 | D:1      | Killed Terence
  1244 | D:1      | Reached skill level 2 in Armour
  1437 | D:2      | Noticed Jessica
  1444 | D:2      | Killed Jessica
  1444 | D:2      | Gained mutation: You are partially covered in yellow scales. (AC +2) [demonic ancestry]
  1444 | D:2      | Reached XP level 4. HP: 34/34 MP: 2/7
  2009 | D:3      | Noticed DarkMoon's ghost (amateur KoEn)
  2027 | D:3      | Killed DarkMoon's ghost
  2027 | D:3      | Reached skill level 3 in Armour
  2027 | D:3      | Reached XP level 5. HP: 41/41 MP: 6/8
  2181 | D:3      | Learned a level 3 spell: Regeneration
  2209 | D:3      | Found a white marble altar of Elyvilon.
  2391 | D:3      | Found a runed door.
  2413 | D:3      | Found an iron altar of Okawaru.
  2512 | D:3      | Noticed Crazy Yiuf
  2518 | D:3      | Killed Crazy Yiuf
  2740 | D:4      | Reached XP level 6. HP: 47/47 MP: 9/9
  2895 | D:4      | Found an opulent altar of Gozag.
  3076 | D:4      | Noticed Menkaure
  3103 | D:4      | Noticed Grinder
  3115 | D:4      | Paralysed by Grinder for 4 turns
  3121 | D:4      | Paralysed by Grinder for 3 turns
  3124 | D:4      | Killed Grinder
  3124 | D:4      | Reached skill level 4 in Armour
  3124 | D:4      | Reached XP level 7. HP: 11/53 MP: 5/10
  3775 | D:5      | Entered Level 5 of the Dungeon
  3777 | D:5      | Found a deep blue altar of Sif Muna.
  4248 | D:4      | Found an opulent altar of Gozag.
  4350 | D:4      | Killed Menkaure
  4350 | D:4      | Reached skill level 5 in Armour
  4391 | D:5      | Gained mutation: Your flesh is heat resistant. (rF+) [demonic ancestry]
  4391 | D:5      | Reached XP level 8. HP: 60/61 MP: 9/11
  4489 | D:5      | Got an encrusted short sword
  4490 | D:5      | Identified the +6 short sword of the Inferno {freeze, rF+ MR+} (You found it on level 5 of the Dungeon)
  4649 | D:5      | Found a transporter.
  4665 | D:5      | Noticed Prince Ribbit
  4680 | D:5      | Killed Prince Ribbit
  4680 | D:5      | Reached skill level 5 in Fighting
  4680 | D:5      | Reached skill level 6 in Armour
  4680 | D:5      | Reached skill level 5 in Charms
  4756 | D:5      | Found a transporter.
  4953 | D:5      | Found a burning altar of Makhleb.
  4953 | D:5      | Noticed a blizzard demon
  5162 | D:6      | Found a staircase to the Ecumenical Temple.
  5182 | Temple   | Entered the Ecumenical Temple
  5268 | Temple   | Became a worshipper of Nemelex Xobeh the Trickster
  5327 | D:6      | Noticed Pikel
  5362 | D:6      | Killed Pikel
  5362 | D:6      | Reached skill level 5 in Long Blades
  5362 | D:6      | Reached skill level 7 in Armour
  5362 | D:6      | Reached XP level 9. HP: 50/68 MP: 4/12
  5498 | D:6      | Found a bloodstained altar of Trog.
  5555 | D:6      | Noticed Blork the orc
  5571 | D:6      | Killed Blork the orc
  5821 | D:6      | Received a gift from Nemelex Xobeh
  6593 | D:7      | Found an opulent altar of Gozag.
  6597 | D:7      | Found Gozag's Platinum Reserve.
  6765 | D:7      | Reached skill level 8 in Armour
  7030 | D:7      | Found a shadowy altar of Dithmenos.
  7393 | D:7      | Found Poyhehos's Assorted Antiques.
  7433 | D:7      | Gained mutation: You are mostly covered in sharp spines. [demonic ancestry]
  7433 | D:7      | Reached XP level 10. HP: 74/74 MP: 9/13
  7437 | D:7      | Reached * piety under Nemelex Xobeh
  7708 | D:8      | Noticed Psyche
  7724 | D:8      | Killed Psyche
  7724 | D:8      | Reached skill level 5 in Invocations
  7993 | D:8      | Noticed Grum
  8005 | D:8      | Killed Grum
  8091 | D:8      | Found a radiant altar of Vehumet.
  8473 | D:8      | Learned a level 2 spell: Swiftness
  8773 | D:8      | Found an ancient bone altar of Kikubaaqudgha.
  9016 | D:9      | Found a staircase to the Lair.
  9042 | D:9      | Reached skill level 9 in Armour
  9272 | D:9      | Found a sacrificial altar of Ru.
  9279 | D:9      | Reached ** piety under Nemelex Xobeh
  9279 | D:9      | Received a gift from Nemelex Xobeh
  9732 | D:9      | Found a deep blue altar of Sif Muna.
  9842 | D:10     | Entered Level 10 of the Dungeon
 10666 | D:10     | Reached XP level 11. HP: 80/80 MP: 11/16
 10816 | Lair:1   | Entered Level 1 of the Lair of Beasts
 10893 | Lair:1   | Reached skill level 10 in Armour
 10944 | Lair:1   | Noticed a five-headed hydra
 10953 | Lair:1   | Killed a five-headed hydra
 11638 | Lair:1   | HP: 3/80 [ice devil (11)]
 11639 | Lair:1   | Slain by an ice devil

Skill      XL: |  1  2  3  4  5  6  7  8  9 10 11 |
---------------+----------------------------------+-----
Armour         | 1 2 3 4 5 7 8 9 10 | 10.4
Long Blades    | 2 3 4 5 6 7 |  7.6
Charms         | 3 4 5 6 7 |  7.9
Fighting       | 3 4 5 |  5.4
Invocations    | 2 4 7 |  7.9
Dodging        | |  1.7
Spellcasting   | |  2.0

Action                   |  1- 3 |  4- 6 |  7- 9 | 10-12 || total
-------------------------+-------+-------+-------+-------++-------
Melee: Falchion          |    78 |    87 |    38 |       ||   203
       Short sword       |       |       |   205 |   254 ||   459
 Cast: Shroud of Golubri |     4 |     8 |    29 |    33 ||    74
       Song of Slaying   |       |     1 |     5 |     4 ||    10
Evoke: Wand              |       |       |    20 |     8 ||    28
       Deck              |       |       |       |     7 ||     7
  Use: Potion            |       |       |     1 |       ||     1
       Scroll            |       |       |    11 |     3 ||    14
 Stab: Sleeping          |       |     2 |     1 |     2 ||     5
  Eat: Chunk             |     1 |     7 |    13 |    12 ||    33
       Ration            |       |       |     1 |     1 ||     2
Armor: Leather armour    |    22 |    38 |    92 |   101 ||   253
Dodge: Dodged            |    49 |    45 |   147 |   139 ||   380
       Rpst.: Falchion   |    18 |    21 |    11 |       ||    50
